 Dungeon Crawl Stone Soup version 0.27-a0-1140-g099f9bb0e8 (webtiles) character file.

Game seed: 12159252057944374342

114 night the Stinger (level 4, -6/27 HPs)
             Began as an Octopode Venom Mage on May 9, 2021.
             Mangled by a black bear (8 damage)
             ... on level 4 of the Dungeon.
             The game lasted 00:07:22 (3162 turns).

night the Stinger (Octopode Venom Mage)             Turns: 3162, Time: 00:07:23

Health: -6/27      AC:  1    Str:  7    XL:     4   Next: 98%
Magic:  6/9        EV: 13    Int: 18    God:
Gold:   113        SH:  0    Dex: 12    Spells: 2/9 levels left

rFire    . . .     SeeInvis .   f - +0 dagger
rCold    . . .     Faith    .   (no shield)
rNeg     . . .     Spirit   .   (helmet restricted)
rPois    .         Reflect  .   (no amulet)
rElec    .         Harm     .   (no ring)
rCorr    .         Rampage  .   (no ring)
Will     .....                  (no ring)
Stlth    +++.......             (no ring)
HPRegen  0.09/turn              (no ring)
MPRegen  0.11/turn              (no ring)
                                (no ring)
                                (no ring)

@: no status effects
A: almost no armour, amphibious, 8 rings, camouflage 1, gelatinous body 1,
(nimble swimmer 1), tentacles
a: no special abilities


You were on level 4 of the Dungeon.
You visited 1 branch of the dungeon, and saw 4 of its levels.

You collected 113 gold pieces.

Inventory:

Hand Weapons
 f - a +0 dagger (weapon)
Missiles
 b - 79 stones (quivered)
 d - 12 arrows
Armour
 g - a +0 kite shield
Wands
 c - a wand of polymorph (10)
Scrolls
 i - a scroll of identify
Potions
 a - 2 potions of degeneration {unknown}
 e - a potion of attraction {unknown}
 h - a potion of flight


   Skills:
 - Level 2.0 Dodging
 - Level 2.6 Stealth
 - Level 1.3 Shields
 + Level 3.3 Spellcasting
 - Level 1.0 Transmutations
 + Level 5.1 Poison Magic


You had 2 spell levels left.
You knew the following spells:

 Your Spells              Type           Power      Damage    Failure   Level
a - Sting                 Tmut/Pois      56%        1d5       4%          1
b - Mephitic Cloud        Conj/Pois/Air  9%         N/A       24%         3
c - Ignite Poison         Fire/Tmut/Pois 10%        N/A       21%         3

Your spell library contained the following spells:

 Spells                   Type           Power      Damage    Failure   Level
 Poisonous Vapours        Pois/Air       24%        N/A       9%          2
 Beastly Appendage        Tmut           12%        N/A       11%         1
 Animate Skeleton         Necr           6%         N/A       16%         1
 Pain                     Necr           12%        1d4       16%         1
 Wereblood                Tmut           6%         N/A       16%         2
 Spider Form              Tmut/Pois      7%         N/A       14%         3
 Olgreb's Toxic Radiance  Pois           21%        N/A       19%         4
 Vampiric Draining        Necr           1%         2d6       43%         3
 Ice Form                 Ice/Tmut       4%         N/A       77%         4
 Animate Dead             Necr           1%         N/A       83%         4
 Hydra Form               Tmut           3%         N/A       96%         5
 Agony                    Necr           3%         N/A       99%         5


Dungeon Overview and Level Annotations

Branches:
Dungeon (4/15)
 Temple: D:4-7

Altars:

Shops:
D:3 :


Innate Abilities, Weirdness & Mutations

You cannot wear most types of armour.
You are amphibious.
You can wear up to eight rings at the same time.
Your skin changes colour to match your surroundings (Stealth+).
Your rubbery body absorbs attacks. (AC +1, EV +1)
((You are camouflaged near water. (Stealth+)))
You have tentacles for arms and can constrict up to eight enemies at once.


Message History

The sting hits the black bear.
The black bear is poisoned.
The black bear is lightly wounded.
An orc comes into view. It is wielding a +0 hand axe.
Casting: Sting (safe; 4% risk of failure)
Confirm with . or Enter, or press ? or * to list all spells.
Aiming: Sting (safe; 4% risk of failure)
Press: ? - help, Shift-Dir - straight line, f/p - black bear
Aim: a black bear (lightly wounded, poisoned, 79% to hit)
The sting hits the black bear.
The black bear looks even sicker.
The black bear is moderately wounded.
The black bear bites you. The black bear completely misses you.
The black bear barely misses you.
Casting: Sting (safe; 4% risk of failure)
Confirm with . or Enter, or press ? or * to list all spells.
Aiming: Sting (safe; 4% risk of failure)
Press: ? - help, Shift-Dir - straight line, f/p - black bear
Aim: a black bear (moderately wounded, very poisoned, 79% to hit)
The sting hits the black bear.
The black bear looks even sicker.
The black bear is heavily wounded.
The black bear bites you! The black bear claws you. x2
An orc comes into view. It is wielding a +0 flail.
You are too injured to fight recklessly!
You are too injured to fight recklessly!
The orc shouts!
You hit the black bear. Your grab misses the black bear.
The black bear is heavily wounded.
The black bear bites you. The black bear completely misses you.
The black bear claws you.
You closely miss the black bear. You grab the black bear.
The black bear is heavily wounded.
You constrict the black bear. The black bear bites you.
* * * LOW HITPOINT WARNING * * *
The black bear claws you.
* * * LOW HITPOINT WARNING * * *
The black bear claws you.
* * * LOW HITPOINT WARNING * * *
You hit the black bear.
The black bear is severely wounded.
You constrict the black bear. The black bear bites you!
You die...

....# ....##
.....# ##.....
#..... #o..#
##.h# #.@#
##..#
...###..##
#.....## . ...
###....### #..
..#
#..#...###....
..
#..##......#
#.##
#..###..####
#..# #..###..#


You could see a black bear (very poisoned) and an orc.

Vanquished Creatures
  A hound (D:4)
  4 adders
  A dart slug (D:1)
  7 bats
  2 endoplasms
  A giant cockroach (D:1)
  5 goblins
  8 jackals
  5 kobolds
  2 quokkas
  5 ball pythons
  2 frilled lizards
  A rat (D:1)
44 creatures vanquished.

Vanquished Creatures (others)
  A plant (D:1)
1 creature vanquished.

Grand Total: 45 creatures vanquished

Notes
Turn   | Place    | Note
-------+----------+-------------------------------------------
     0 | D:1      | night the Octopode Venom Mage began the quest for the Orb.
     0 | D:1      | Reached XP level 1. HP: 11/11 MP: 3/3
   132 | D:1      | Reached XP level 2. HP: 15/17 MP: 1/5
   142 | D:1      | Reached skill level 4 in Poison Magic
  1834 | D:2      | Reached XP level 3. HP: 18/21 MP: 3/6
  1993 | D:2      | Learned a level 2 spell: Wereblood
  1998 | D:2      | Learned a level 3 spell: Mephitic Cloud
  2002 | D:2      | Learned a level 3 spell: Ignite Poison
  2270 | D:2      | Reached skill level 1 in Shields
  2276 | D:2      | HP: 1/21 [adder (4)]
  2599 | D:2      | You fall into a shaft and drop 1 floor!
  2609 | D:3      | Reached XP level 4. HP: 23/27 MP: 4/8
  2820 | D:3      | Found Soheh's Book Boutique.
  3102 | D:4      | Reached skill level 5 in Poison Magic
  3153 | D:4      | Noticed a black bear
  3161 | D:4      | HP: 2/27 [black bear (4)]
  3162 | D:4      | Mangled by a black bear

Illustrated notes

Levels and vault maps discovered:
D:1:      tarquinn_simple_flora_water_c, layout_basic, chequers_avenue
D:2:      layout_rooms, shapermc_ecumenical_altar_notcrosses,
          kennysheep_generic_room_7
D:3:      layout_basic, lemuel_tele_altar, serial_shops, shop_fountains,
          kennysheep_doodads
D:4:      layout_layer_cave, serial_shops, shop

Skill      XL: |  1  2  3  4 |
---------------+-------------+-----
Poison Magic   | 4 5 |  5.1
Shields        | 1 |  1.3
Spellcasting   | 3 |  3.3
Dodging        | |  2.0
Stealth        | |  2.6
Transmutations | |  1.0

Action                   |  1- 3 |  4- 6 || total
-------------------------+-------+-------++-------
Melee: Unarmed           |    18 |       ||    18
       Constrict         |    16 |     2 ||    18
       Tentacles         |     8 |     1 ||     9
       Dagger            |    27 |     6 ||    33
Throw: Stone             |     1 |       ||     1
 Cast: Sting             |    41 |    20 ||    61
       Mephitic Cloud    |     1 |       ||     1
  Use: Scroll            |     4 |       ||     4
       Potion            |     1 |       ||     1
 Stab: Sleeping          |     2 |       ||     2
Armor: Skin              |     5 |     1 ||     6
Dodge: Dodged            |    61 |    10 ||    71
Block: Kite shield       |     4 |       ||     4

Table legend: (Time is in decaauts)
 A = Elapsed time spent in this place.
 B = Non-inter-level travel time spent in this place.
 C = Inter-level travel time spent in this place.
 D = Time resting spent in this place.
 E = Time spent auto-exploring this place.
 F = Levels seen in this place.
 G = Mean time per level.
                   A        B        C        D        E       F      G
               +--------+--------+--------+--------+--------+-----+--------+
         Total |   3175 |   3028 |    147 |   1042 |   1466 |   4 |  793.8 |
       Dungeon |   3175 |   3028 |    147 |   1042 |   1466 |   4 |  793.8 |
               +--------+--------+--------+--------+--------+-----+--------+

Top non-repeatable levels by time:
     D:1: 1825 daAuts
     D:2: 796 daAuts
     D:3: 362 daAuts
     D:4: 191 daAuts
